Map: Lerilak Crest

Players

DAZ

  • Race: Zerg Zerg
  • League: Platinum

LilDicky - Winner!

  • Race: Terran Terran
  • League: Diamond

VOD

http://www.twitch.tv/tumescentpie

Description

Time

  • Played on: Dec. 3, 2015, 11:55 a.m.
  • Length: 8:15
Show
View Real Time Build Order
Export as new Build Order

DAZ Zerg 

Build Orders: Hatch First 

Get SALT Encoding   

  12  0:01  Drone  
  13  0:08  Drone  
  14  0:22  Overlord  
  14  0:43  Hatchery  
  14  0:44  Drone  
  14  1:01  Spawning Pool  
  13  1:27  Drone x2, Extractor  
  13  1:28  Drone  
  15  1:41  Drone  
  16  1:51  Drone  
  17  1:58  Zergling x2  
  17  1:59  Queen  
  17  2:01  Zergling x2  
  21  2:09  Drone  
  22  2:18  Extractor  
  21  2:24  Overlord x2  
  21  2:35  Queen  
  22  2:40  Drone x4  
  26  2:48  Drone  
  26  2:50  Metabolic Boost  
  27  2:55  Drone  
  27  2:56  Drone  
  29  3:02  Drone  
  30  3:10  Baneling Nest  
  30  3:12  Spore Crawler  
  28  3:14  Spore Crawler  
  27  3:26  Zergling x8  
  31  3:28  Zergling x2  
  31  3:31  Zergling x2  
  33  3:34  Zergling x2  
  34  3:50  Zergling x2  
  34  3:51  Zergling x6  
  38  4:00  Drone x2  
  40  4:08  Lair  
  40  4:09  Overlord  
  38  4:39  Evolution Chamber  
  37  4:47  Drone  
  37  4:48  Drone x7  
  37  4:52  Extractor x2  
  43  4:58  Evolution Chamber  
  42  5:00  Spine Crawler  
  42  5:05  Spine Crawler  
  40  5:14  Pneumatized Carapace  
  40  5:21  Infestation Pit  
  39  5:27  Drone x7  
  37  6:28  Hive  
  37  6:30  Drone  
  37  6:31  Drone x4  
  41  6:34  Hatchery  
  40  7:03  Overlord x4  
  40  7:29  Nydus Network  
  39  7:34  Queen  
  41  7:48  Ultralisk Cavern  
Show
View Real Time Build Order
Export as new Build Order

LilDicky Terran - Winner!

Build Orders: Reaper Expand 

Get SALT Encoding   

  12  0:01  SCV  
  13  0:17  SCV, Supply Depot  
  14  0:29  SCV  
  14  0:32  Refinery  
  15  0:46  Barracks  
  15  0:48  SCV  
  16  1:00  SCV  
  17  1:12  SCV  
  18  1:24  SCV  
  19  1:34  Reaper  
  19  1:36  Orbital Command  
  20  1:50  Command Center  
  20  2:03  Factory  
  20  2:04  SCV  
  21  2:12  Refinery  
  21  2:19  SCV  
  21  2:20  Barracks Tech Lab  
  22  2:28  Supply Depot  
  22  2:39  SCV  
  23  2:53  SCV  
  24  3:03  Siege Tank, Marine  
  24  3:05  SCV  
  30  3:06  Orbital Command  
  29  3:17  SCV  
  30  3:23  Barracks Reactor  
  30  3:29  SCV  
  31  3:38  Siege Tank  
  31  3:41  SCV, Supply Depot  
  35  3:47  Supply Depot  
  34  3:55  SCV  
  35  3:58  SCV  
  35  4:00  Starport  
  35  4:01  Refinery  
  36  4:04  Marine  
  36  4:06  Supply Depot  
  36  4:07  SCV  
  38  4:10  SCV  
  38  4:12  Marine  
  38  4:15  Siege Tank  
  43  4:19  SCV  
  43  4:22  SCV  
  43  4:23  Liberator  
  45  4:31  SCV, Marine x2  
  46  4:35  Command Center, SCV  
  49  4:44  SCV  
  53  4:47  SCV  
  53  4:49  Marine  
  53  4:51  Supply Depot  
  55  4:56  SCV  
  55  4:59  SCV, Marine  
  57  5:00  Siege Tank  
  57  5:06  Marine  
  61  5:08  SCV  
  61  5:11  SCV  
  63  5:16  Marine  
  64  5:23  SCV, Engineering Bay  
  64  5:24  Marine  
  64  5:26  SCV  
  67  5:29  Engineering Bay  
  67  5:32  Barracks  
  67  5:33  Barracks, Starport Reactor  
  67  5:53  SCV x2  
  67  5:56  Orbital Command  
  69  6:05  SCV  
  70  6:12  Orbital Command  
  70  6:17  Liberator x2  
  70  6:29  Marine x2  
  70  6:31  SCV x2  
  74  6:33  Barracks Tech Lab x2  
  74  6:36  Siege Tank  
  83  6:43  SCV  
  83  6:47  Marine x2  
  84  6:48  SCV x2  
  84  6:53  Combat Shields, Barracks  
  88  6:55  Barracks  
  88  6:56  Marine  
  88  6:57  Barracks, Marine  
  88  7:00  SCV x2  
  92  7:02  Barracks  
  92  7:03  Missile Turret  
  92  7:04  Marine  
  92  7:07  Missile Turret  
  93  7:14  Refinery  
  93  7:16  Refinery  
  93  7:24  Marine x2  
  93  7:29  Refinery  
  95  7:30  Missile Turret  
  95  7:33  Armory, Marine x2  
  95  7:34  Supply Depot  
Tags
 
Add a new tag
Caveats
  • Supply blocks, unpowered buildings, or Contaminate may cause inaccurate times.
  • Supply counts are checked every 10 seconds.